 Dungeon Crawl Stone Soup version 0.18.1-50-g88ac8fd (webtiles) character file.

60 Gianozzolo the Changer (level 3, 0/28 HPs)
             Began as a Draconian Transmuter on Nov 27, 2017.
             Slain by Gianozzolo's ghost (8 damage)
             ... on level 3 of the Dungeon.
             The game lasted 00:03:11 (2410 turns).

Gianozzolo the Changer (Draconian Transmuter)       Turns: 2410, Time: 00:03:11

Health: 0/28       AC:  2    Str: 12    XL:     3   Next: 80%
Magic:  4/6        EV: 19    Int: 14    God:
Gold:   127        SH:  0    Dex: 16    Spells: 2 memorised, 2 levels left

rFire  . . .     SeeInvis +       - Unarmed
rCold  . . .     Gourm    .     (armour unavailable)
rNeg   . . .     Faith    .     (shield currently unavailable)
rPois  .         Spirit   .     (helmet currently unavailable)
rElec  .         Dismiss  .     (cloak currently unavailable)
rCorr  .         Reflect  .     (gloves currently unavailable)
SustAt .         Harm     .     (boots currently unavailable)
MR     .....                    (no amulet)
Stlth  +.........               n - ring of see invisible
                                a - ring of poison resistance

@: spider-form (expiring), not resistant to hostile enchantments, very
unstealthy
A: unfitting armour, (cold-blooded), AC +5
a: End Transformation


You were on level 3 of the Dungeon.
You were not hungry.
You were a venomous arachnid creature.
You visited 1 branch of the dungeon, and saw 3 of its levels.

You collected 127 gold pieces.

Inventory:

Armour
 o - a +0 cloak (melded)
Jewellery
 a - a ring of poison resistance (left front leg)
 n - a ring of see invisible (right front leg)
Scrolls
 d - 2 scrolls of teleportation {unknown}
 j - a scroll of magic mapping {unknown}
 k - 2 scrolls of identify {unknown}
 l - a scroll of enchant weapon {unknown}
Potions
 e - a potion of haste {unknown}
 g - a potion of flight {unknown}
 i - a potion of degeneration {unknown}
 m - a potion of might {unknown}
Books
 b - a book of Changes

   Spells                             Type                      Level
   a - Beastly Appendage              Transmutation                1
   b - Sticks to Snakes               Transmutation                2
   c - Spider Form                    Transmutation/Poison         3
   d - Ice Form                       Ice/Transmutation            4
   e - Blade Hands                    Transmutation                5
Comestibles
 c - 3 bread rations
 f - a royal jelly
 h - a chunk of flesh


   Skills:
 - Level 1.1 Fighting
 - Level 1.7 Dodging
 + Level 3.5 Unarmed Combat
 - Level 2.0 Spellcasting
 * Level 3.6 Transmutations
 + Level 0.6 Poison Magic


You had 2 spell levels left.
You knew the following spells:

 Your Spells              Type           Power        Failure   Level  Hunger
a - Beastly Appendage     Trmt           ##....       17%         1    ##.....
b - Spider Form           Trmt/Pois      #.........   52%         3    ####...


Dungeon Overview and Level Annotations

Branches:
Dungeon (3/15)

Altars:

Annotations:
D:3 Gianozzolo's ghost, amateur DrTm


Innate Abilities, Weirdness & Mutations

((Your plain brown scales are hard (AC +5).))
Your body does not fit into most forms of armour.
((You are cold-blooded and may be slowed by cold attacks.))


Message History

Your transformation is almost over.
Gianozzolo's ghost barely misses you.
You closely miss Gianozzolo's ghost.
Gianozzolo's ghost is moderately damaged.
Gianozzolo's ghost completely misses you.
Your unstable footing causes you to fumble your attack.
Gianozzolo's ghost closely misses you.
You barely miss Gianozzolo's ghost.
Gianozzolo's ghost is moderately damaged.
You hit Gianozzolo's ghost.
Gianozzolo's ghost is moderately damaged.
Gianozzolo's ghost completely misses you.
You barely miss Gianozzolo's ghost.
Gianozzolo's ghost is moderately damaged.
Gianozzolo's ghost hits you.
* * * LOW HITPOINT WARNING * * *
You hit Gianozzolo's ghost.
Gianozzolo's ghost is moderately damaged.
Gianozzolo's ghost hits you!
You die...

#.#..# #.#
#.#..###.#
#........##
###≈≈......
#≈≈≈...##
###≈#......
≈≈#≈≈≈...##
########≈#≈#≈..###
#s##≈≈≈≈≈#≈≈≈≈....
#≈W≈≈#≈#≈#≈#≈..###
######≈#≈#≈#≈..#
≈≈#≈≈≈#...#
########.....
#...## ###


You could see Gianozzolo's ghost.

Vanquished Creatures
  An adder (D:2)
  A dart slug (D:2)
  A giant gecko (D:1)
  2 giant cockroaches
  3 goblins
  6 hobgoblins
  11 jackals
  8 bats
  A giant newt (D:3)
  5 kobolds
  3 rats
42 creatures vanquished.

Notes
Turn   | Place    | Note
--------------------------------------------------------------
     0 | D:1      | Gianozzolo the Draconian Transmuter began the quest for the Orb.
     0 | D:1      | Reached XP level 1. HP: 16/16 MP: 3/3
   425 | D:1      | Reached XP level 2. HP: 15/23 MP: 3/5
  1205 | D:2      | Reached XP level 3. HP: 27/28 MP: 4/6
  1212 | D:2      | Learned a level 3 spell: Spider Form
  1328 | D:2      | Found a faded altar to an unknown god.
  1679 | D:3      | Noticed Gianozzolo's ghost (amateur DrTm)
  2410 | D:3      | Slain by Gianozzolo's ghost

Skill      XL: |  1  2 |
---------------+-------+-----
Transmutations | 3 |  3.6
Fighting       | |  1.1
Dodging        | |  1.7
Unarmed Combat | |  3.5
Spellcasting   | |  2.0
Poison Magic   | |  0.6

Action                   || total
-------------------------++-------
Melee: Unarmed           ||   184
       Kick              ||    11
       Headbutt          ||     5
       Tailslap          ||     8
       Punch             ||     1
 Cast: Beastly Appendage ||    16
       Spider Form       ||     4
 Stab: Sleeping          ||     1
  Eat: Chunk             ||     3
       Meat ration       ||     1
Armor: Skin              ||    41
Dodge: Dodged            ||   128
